 Dungeon Crawl Stone Soup version 0.25.1-2-g60ff931df9 (webtiles) character file.

Game seed: 4608803718308667911

16877 lorenzova the Fighter (level 12, -1/120 HPs)
             Began as a Deep Dwarf Hunter on Sept 24, 2020.
             Was an Elder of Qazlal.
             Slain by a skeletal warrior
             ... wielding a +0 halberd
              (8 damage)
             ... on level 11 of the Dungeon.
             The game lasted 00:50:39 (12246 turns).

lorenzova the Fighter (Deep Dwarf Hunter)          Turns: 12246, Time: 00:50:40

Health: -1/120     AC: 15    Str: 20 (22) XL:     12   Next: 13%
Magic:  4/4        EV: 10    Int: 12 (14) God:    Qazlal [****..]
Gold:   658        SH: 15    Dex: 14 (16) Spells: 15/15 levels left

rFire    . . .     SeeInvis +   M - +0 war axe
rCold    . . .     Gourm    .   T - +0 kite shield
rNeg     . . .     Faith    .   N - +0 chain mail {rPois}
rPois    +         Spirit   .   P - +0 helmet
rElec    .         Reflect  .   E - +1 cloak
rCorr    .         Harm     .   (no gloves)
MR       +....                  (no boots)
Stlth    ..........             (no amulet)
HPRegen  0.00/turn              r - +6 ring of strength
MPRegen  0.09/turn              v - ring of see invisible

@: non-regenerating, repel missiles
A: damage resistance, heal wounds, sense surroundings 2, no regeneration
a: Heal Wounds, Upheaval, Elemental Force, Renounce Religion


You were on level 11 of the Dungeon.
You worshipped Qazlal.
Qazlal was greatly pleased with you.
You were not hungry.

You visited 1 branch of the dungeon, and saw 12 of its levels.
You also visited: Ossuary.

You collected 658 gold pieces.

Inventory:

Hand Weapons
 a - a +1 hand crossbow
 D - a +1 mace of protection
 M - a +0 war axe (weapon)
Missiles
 J - 10 bolts
Armour
 d - a +2 chain mail of magic resistance
 g - a +0 scale mail
 E - a +1 cloak (worn)
 N - a +0 chain mail of poison resistance (worn)
 P - a +0 helmet (worn)
 T - a +0 kite shield (worn)
Jewellery
 r - a +6 ring of strength (left hand)
 v - a ring of see invisible (right hand)
 x - a +4 ring of slaying
 F - a +4 ring of protection
 G - an uncursed ring of stealth
 O - an uncursed ring of poison resistance
Wands
 o - a wand of flame (15)
 p - a wand of paralysis (9)
 H - a wand of acid (3)
 Q - a wand of random effects (18)
Scrolls
 e - 3 scrolls of blinking
 k - 3 scrolls of amnesia
 l - a scroll of fog
 q - 3 scrolls of enchant armour
 t - 4 scrolls of teleportation
 u - 3 scrolls of magic mapping
 y - 3 scrolls of random uselessness
 I - 6 scrolls of remove curse
 K - a scroll of immolation {unknown}
 U - 2 scrolls of fear
 V - a scroll of enchant weapon {unknown}
Potions
 i - 6 potions of curing
 m - a potion of haste
 n - 5 potions of lignification
 s - 2 potions of magic
 w - 2 potions of invisibility
 z - a potion of cancellation
 A - 3 potions of mutation
 B - 2 potions of heal wounds
 L - 2 potions of stabbing
 R - 2 potions of flight
Comestibles
 f - 24 rations


   Skills:
 * Level 11.3 Fighting
 - Level 10.0 Crossbows
 + Level 9.5 Armour
 + Level 9.8 Dodging
 - Level 1.2 Stealth
 + Level 3.3 Shields
 + Level 2.3 Spellcasting
 + Level 3.7 Invocations
 + Level 2.7 Evocations


You had 15 spell levels left.
You didn't know any spells.
Your spell library contained the following spells:

 Spells                   Type           Power        Failure   Level  Hunger
 Foxfire                  Conj/Fire      #...         100%        1    ##.....
 Magic Dart               Conj           #...         100%        1    ##.....
 Shock                    Conj/Air       #...         100%        1    ##.....
 Searing Ray              Conj           #.....       100%        2    ###....
 Swiftness                Chrm/Air       #.......     100%        2    ###....
 Conjure Flame            Conj/Fire      #.......     100%        3    ####...
 Dazzling Flash           Conj/Hex       #.....       100%        3    ####...
 Inner Flame              Hex/Fire       #.......     100%        3    ####...
 Static Discharge         Conj/Air       #.......     100%        3    ####...
 Airstrike                Air            #.........   100%        4    #####..
 Fulminant Prism          Conj/Hex       #.........   100%        4    #####..
 Iskenderun's Mystic Bla  Conj/Tloc      #.......     100%        4    #####..
 Sticky Flame             Conj/Fire      #.......     100%        4    #####..
 Fireball                 Conj/Fire      #.........   100%        5    ######.
 Lightning Bolt           Conj/Air       #.........   100%        5    ######.


Dungeon Overview and Level Annotations

Branches:
Dungeon (12/15)            Temple (0/1) D:7            Lair (0/6) D:9
    Orc (0/2) D:11        Ossuary (visited)

Altars:
Cheibriados
Elyvilon
Hepliaklqana
Makhleb
Okawaru
Qazlal
Trog
Uskayaw
Vehumet
Xom

Annotations:
D:7 2 transporters, lepoulpe303's ghost, novice DsAK
D:11 exclusion: downstairs


Innate Abilities, Weirdness & Mutations

You are resistant to damage.
You can heal yourself by infusing magical energy.
You passively map the area around you.
You do not regenerate.


Message History

The skeletal warrior hits you from afar with a +0 halberd!
* * * LOW HITPOINT WARNING * * *
Your shield prevents you from hitting the skeletal warrior.
The skeletal warrior is moderately damaged.
The skeletal warrior hits you with a +0 flail.
* * * LOW HITPOINT WARNING * * *
The skeletal warrior hits you from afar with a +0 halberd!
* * * LOW HITPOINT WARNING * * *
You slash the skeletal warrior!
The skeletal warrior is moderately damaged.
The skeletal warrior hits you but does no damage.
The skeletal warrior hits you from afar with a +0 halberd!
* * * LOW HITPOINT WARNING * * *
You slash the skeletal warrior!
The skeletal warrior is heavily damaged.
You block the skeletal warrior's attack. x2
The skeletal warrior hits you with a +0 flail.
* * * LOW HITPOINT WARNING * * *
The skeletal warrior hits you from afar with a +0 halberd!
You die...

# #..# #..# #..# #... # #.z# #..#
#..# #z.. # #..# #..# #..# #O.. #
#..# #..# #..# #z.. # #..# #..#
#..# #z.. # #..# #..# #..# #...
###..# #<.# #..########...
.....#####..########.............
........).....zz@(>(...(.......^.
#################################


You could see 2 skeletal warriors.

Vanquished Creatures
  A great orb of eyes (D:10)
  Harold (D:9)
  A hydra (D:11)
  A two-headed ogre (D:10)
  Nergalle (D:10)
  2 skeletal warriors (D:11)
  A manticore (D:11)
  Psyche (D:10)
  2 gargoyles
  A centaur skeleton (D:12)
  A komodo dragon (D:9)
  A tengu conjurer (D:10)
  3 trolls
  A hornet (D:9)
  Prince Ribbit (D:8)
  5 hippogriffs
  Grinder (D:6)
  3 wraiths (D:11)
  10 yaks
  Menkaure (D:6)
  Duvessa (D:6)
  A hornet zombie (D:9)
  5 ice beasts
  2 orc warriors
  2 black bears
  A necrophage (D:10)
  3 phantoms
  An ogre (D:11)
  18 centaurs
  A crocodile (D:11)
  A big kobold (D:7)
  8 bullfrogs
  A gnoll sergeant (D:5)
  2 water moccasin zombies (Ossuary)
  Dowan (D:6)
  A wyvern zombie (D:7)
  5 scorpions
  12 killer bees
  A bullfrog zombie (D:6)
  6 crimson imps
  A bullfrog skeleton (D:6)
  5 jellies
  7 orc wizards
  Crazy Yiuf (D:6)
  8 orc priests
  5 hounds
  2 iguanas
  9 worker ants
  2 big kobold zombies (Ossuary)
  2 killer bee zombies
  2 mummies (Ossuary)
  A hound skeleton (D:11)
  3 worker ant zombies
  6 gnolls
  11 adders
  6 shadow imps
  4 adder zombies
  An adder skeleton (D:5)
  2 worms (D:2)
  5 dart slugs
  9 leopard geckos
  16 orcs
  7 giant cockroaches
  3 gnoll zombies (Ossuary)
  13 goblins
  10 hobgoblins
  9 jackals
  5 quokkas
  A ball python (D:1)
  6 bats
  5 frilled lizards
  A goblin zombie (D:7)
  6 hobgoblin zombies (Ossuary)
  5 kobolds
  8 kobold zombies (Ossuary)
  2 orc zombies (Ossuary)
  2 quokka zombies
  8 rats
311 creatures vanquished.

Vanquished Creatures (others)
  A centaur (D:12)
  An orc wizard (D:11)
  A quokka (D:11)
  4 plants
7 creatures vanquished.

Grand Total: 318 creatures vanquished

Notes
Turn   | Place    | Note
-------+----------+-------------------------------------------
     0 | D:1      | lorenzova the Deep Dwarf Hunter began the quest for the
                  | Orb.
     0 | D:1      | Reached XP level 1. HP: 19/19 MP: 1/1
   199 | D:1      | Reached skill level 2 in Fighting
   200 | D:1      | Reached XP level 2. HP: 26/26 MP: 2/2
   426 | D:1      | Reached skill level 1 in Armour
   853 | D:2      | Reached XP level 3. HP: 33/33 MP: 3/3
  1400 | D:2      | Found a hide-covered altar of Uskayaw.
  1581 | D:2      | Reached XP level 4. HP: 32/40 MP: 4/4
  1811 | D:3      | Reached skill level 3 in Fighting
  1971 | D:3      | Reached skill level 5 in Crossbows
  2043 | D:3      | Reached XP level 5. HP: 33/49 MP: 5/5
  2656 | D:3      | Found a hazy altar of Hepliaklqana.
  2659 | D:3      | Found a snail-covered altar of Cheibriados.
  2663 | D:3      | Found a white marble altar of Elyvilon.
  2898 | D:4      | Found a shimmering altar of Xom.
  2910 | D:4      | Reached XP level 6. HP: 33/57 MP: 6/6
  2912 | D:4      | Reached skill level 4 in Fighting
  3749 | D:5      | Entered Level 5 of the Dungeon
  3925 | D:5      | Reached XP level 7. HP: 29/66 MP: 7/7
  4232 | D:5      | Reached skill level 5 in Fighting
  4755 | D:6      | Noticed a water elemental
  4759 | D:6      | Found a stormy altar of Qazlal.
  4773 | D:6      | Noticed an air elemental
  4773 | D:6      | Noticed a fire elemental
  4773 | D:6      | Noticed Grinder
  4829 | D:6      | Killed Grinder
  4848 | D:6      | Became a worshipper of Qazlal Stormbringer
  4880 | D:6      | Reached skill level 5 in Dodging
  4880 | D:6      | Reached XP level 8. HP: 19/76 MP: 8/8
  4936 | D:6      | Found a radiant altar of Vehumet.
  4987 | D:6      | Noticed Menkaure
  4989 | D:6      | Killed Menkaure
  5072 | D:6      | Found a runed translucent door.
  5073 | D:6      | Noticed Crazy Yiuf
  5082 | D:6      | Killed Crazy Yiuf
  5082 | D:6      | Reached skill level 6 in Fighting
  5404 | D:6      | Reached * piety under Qazlal
  5438 | D:6      | Reached skill level 5 in Armour
  5460 | D:6      | Found an iron altar of Okawaru.
  5581 | D:7      | Reached skill level 7 in Fighting
  5655 | D:7      | Noticed Duvessa
  5655 | D:7      | Noticed Dowan
  5694 | D:6      | Killed Duvessa
  5694 | D:6      | Gained mutation: You passively map the area around you.
                  | [Deep Dwarf growth]
  5694 | D:6      | Reached XP level 9. HP: 54/86 MP: 6/6
  5696 | D:6      | Killed Dowan
  5718 | D:7      | Found a staircase to the Ecumenical Temple.
  5814 | D:7      | Found a sand-covered staircase.
  5830 | Ossuary  | Entered an ossuary
  5933 | Ossuary  | Reached ** piety under Qazlal
  6290 | D:7      | Noticed a moth of wrath
  6294 | D:7      | Noticed lepoulpe303's ghost (novice DsAK)
  6297 | D:7      | Found a transporter.
  6299 | D:7      | Found a bloodstained altar of Trog.
  6311 | D:7      | Found a transporter.
  6359 | D:7      | Noticed a two-headed ogre
  6665 | D:7      | Reached skill level 8 in Fighting
  7105 | D:8      | Noticed Prince Ribbit
  7123 | D:8      | Killed Prince Ribbit
  7445 | D:9      | Noticed Harold
  7501 | D:9      | Killed Harold
  7501 | D:9      | Reached XP level 10. HP: 53/98 MP: 7/7
  7607 | D:9      | Found a staircase to the Lair.
  7682 | D:9      | Paralysed by a hornet for 1 turns
  7688 | D:9      | Reached *** piety under Qazlal
  7688 | D:9      | Reached skill level 9 in Fighting
  8773 | D:10     | Entered Level 10 of the Dungeon
  8872 | D:10     | Found a burning altar of Makhleb.
  8940 | D:10     | Noticed a two-headed ogre
  8940 | D:10     | Noticed Nergalle
  8951 | D:10     | Killed a two-headed ogre
  8979 | D:10     | Killed Nergalle
  9106 | D:10     | Reached skill level 10 in Fighting
  9112 | D:10     | HP: 2/102 [yak (6)]
  9187 | D:10     | Noticed a great orb of eyes
  9207 | D:10     | Paralysed by a great orb of eyes for 2 turns
  9221 | D:10     | Killed a great orb of eyes
  9221 | D:10     | Reached XP level 11. HP: 29/108 MP: 2/5
  9274 | D:10     | Noticed Psyche
  9280 | D:10     | Killed Psyche
  9898 | D:11     | Reached skill level 10 in Crossbows
 10036 | D:11     | Reached **** piety under Qazlal
 10036 | D:11     | Reached skill level 1 in Shields
 10036 | D:11     | Reached skill level 1 in Invocations
 10239 | D:11     | Reached skill level 1 in Spellcasting
 10445 | D:11     | Found a staircase to the Orcish Mines.
 10560 | D:11     | Noticed a five-headed hydra
 11129 | D:11     | Killed a five-headed hydra
 11129 | D:11     | Reached skill level 11 in Fighting
 11129 | D:11     | Reached skill level 1 in Evocations
 11391 | D:12     | Noticed a skeletal warrior
 11394 | D:12     | Noticed a skeletal warrior
 11395 | D:12     | Noticed a skeletal warrior
 11443 | D:11     | Killed a skeletal warrior
 11443 | D:11     | Reached XP level 12. HP: 33/120 MP: 8/8
 11507 | D:12     | Noticed a two-headed ogre
 11560 | D:11     | HP: 6/120 [skeletal warrior/+0 hand axe[a skeletal warrior]
                  | (19)]
 11561 | D:11     | HP: 1/120 [skeletal warrior/+0 halberd (5)]
 12246 | D:11     | Slain by a skeletal warrior

Illustrated notes

Levels and vault maps discovered:
D:1:      eino_arrival_water_star, layout_loops_ring,
          ebering_dispersal_statue_hall, minmay_unequal
D:2:      layout_basic, eat_drink_and_be_merry_uskayaw, first_ration
D:3:      cheibrodos_greedy_goblins, layout_basic, minitemple, minmay_liquid_box
D:4:      layout_cave_pods, led_xom_imps, chequers_serial_rivers_room_a
D:5:      layout_basic
D:6:      layout_basic, vehumet_crystals, nicolae_qazlal_style_of_elements,
          marbit_many_paths, serial_undead, serial_undead_e, serial_undead_b,
          serial_undead_f, serial_undead_b, uniq_menkaure, uniq_grinder,
          uniq_crazy_yiuf_cottage
D:7:      layout_loops_ring, minmay_temple_entry_crystal_x,
          gammafunk_ghost_wrathful_warriors, enter_ossuary_4, uniq_duvessa
D:8:      layout_basic, uniq_prince_ribbit1
D:9:      layout_basic, david_lair_shrubbed, uniq_harold
D:10:     layout_basic, basic_altar, serial_glass, glass_columns_c,
          glass_columns_a, feat_on_display, grunt_tengu_nest,
          nrook_mini_backslash, kennysheep_another_room,
          kennysheep_just_a_vault, uniq_psyche, uniq_nergalle
D:11:     layout_long_grid, david_orc_1_choice, kennysheep_generic_room_13
D:12:     layout_rooms

Skill      XL: |  1  2  3  4  5  6  7  8  9 10 11 12 |
---------------+-------------------------------------+-----
Fighting       | 2 3 4 5 7 8 10 11 | 11.3
Armour         | 1 2 3 4 5 7 8 9 |  9.5
Crossbows      | 5 6 7 8 9 10 | 10.0
Dodging        | 3 4 5 6 7 8 9 |  9.8
Shields        | 2 3 |  3.3
Invocations    | 3 |  3.7
Spellcasting   | 2 |  2.3
Evocations     | 2 |  2.7
Stealth        | |  1.2

Action                   |  1- 3 |  4- 6 |  7- 9 | 10-12 || total
-------------------------+-------+-------+-------+-------++-------
Melee: Short sword       |       |    74 |       |       ||    74
       Mace              |       |       |   210 |   259 ||   469
       War axe           |       |       |       |   285 ||   285
 Fire: Hand crossbow     |    89 |   111 |   211 |   118 ||   529
 Abil: Heal Wounds       |       |       |    14 |    30 ||    44
  Use: Scroll            |       |     8 |     5 |     8 ||    21
       Potion            |       |       |     2 |     7 ||     9
  Eat: Chunk             |     2 |     7 |    11 |    12 ||    32
       Ration            |       |       |       |     2 ||     2
Armor: Leather armour    |     4 |     1 |       |       ||     5
       Scale mail        |       |    35 |   118 |       ||   153
       Chain mail        |       |       |       |   348 ||   348
       Skin              |       |       |       |     8 ||     8
Dodge: Dodged            |     8 |    56 |   169 |   403 ||   636
       Repelled          |       |       |       |    22 ||    22
Block: Buckler           |       |    15 |    71 |   218 ||   304
       Kite shield       |       |       |       |   240 ||   240
